 Dungeon Crawl Stone Soup version 0.30-a0-1075-gcd70e7a56d (webtiles) character file.

Game seed: 4221432037513969364

55 CowFu the Cudgeller (level 3, -3/31 HPs)
             Began as a Draconian Monk on Apr 15, 2023.
             Slain by Sigmund
             ... wielding a +7 scythe of protection
              (4 damage)
             ... on level 2 of the Dungeon.
             The game lasted 00:01:05 (1058 turns).

CowFu the Cudgeller (Draconian Monk)                Turns: 1058, Time: 00:01:05

Health: -3/31      AC:  6    Str: 15    XL:     3   Next: 67%
Magic:  3/3        EV: 12    Int: 10    God:
Gold:   48         SH:  0    Dex: 13    Spells: 2/2 levels left

rFire   . . .      SeeInvis .    a - +0 mace
rCold   . . .      Faith    .    c - orb {light}
rNeg    . . .      Spirit   .    (body armour unavailable)
rPois   .          Reflect  .    (helmet restricted)
rElec   .          Rampage  .    (no cloak)
rCorr   .                        k - +0 pair of gloves
Will    .....                    (no boots)
Stlth   +                        (no amulet)
HPRegen 0.25/turn                (no ring)
MPRegen 0.08/turn                (no ring)

@: glowing
A: AC +5, unfitting armour, cold-blooded
a: no special abilities


You were on level 2 of the Dungeon.
You visited 1 branch of the dungeon, and saw 2 of its levels.

You collected 48 gold pieces.

Inventory:

Hand Weapons
 a - a +0 mace (weapon)
Armour
 c - an orb of light (worn)
 k - a +0 pair of gloves (worn)
Scrolls
 d - a scroll of teleportation {unknown}
 g - a scroll of vulnerability {unknown}
 h - a scroll of identify {unknown}
Potions
 e - a potion of flight {unknown}
 f - 2 potions of brilliance {unknown}
 i - a potion of berserk rage {unknown}
 j - 2 potions of attraction {unknown}


   Skills:
 - Level 3.3 Fighting
 + Level 4.5 Maces & Flails
 - Level 2.7 Dodging
 - Level 1.9 Stealth


You had 2 spell levels left.
You didn't know any spells.
Your spell library was empty.

Dungeon Overview and Level Annotations

Branches:
Dungeon (2/15)

Altars:
Ru

Annotations:
D:2 Sigmund


Innate Abilities, Weirdness & Mutations

Your plain brown scales are hard. (AC +5)
You cannot fit into any form of body armour.
You are cold-blooded and may be slowed by cold attacks.


Message History

Sigmund closely misses you.
You barely miss Sigmund.
Sigmund hits you with a +7 scythe of protection.
You barely miss Sigmund.
Sigmund hits you with a +7 scythe of protection.
You hit Sigmund.
Sigmund is lightly wounded.
You hit Sigmund.
Sigmund is lightly wounded.
Sigmund gestures at you while chanting.
You are confused.
Sigmund closely misses you.
You hit Sigmund but do no damage.
Sigmund is lightly wounded.
Sigmund hits you with a +7 scythe of protection.
You bump into the rock wall.
Sigmund hits you with a +7 scythe of protection!
You're too confused to move!
Sigmund hits you with a +7 scythe of protection!
* * * LOW HITPOINT WARNING * * *
You feel less confused.
The endoplasm jiggles.
Sigmund closely misses you.
You hit Sigmund but do no damage.
Sigmund is lightly wounded.
Sigmund closely misses you.
You hit Sigmund.
Sigmund is moderately wounded.
You hit Sigmund but do no damage.
Sigmund is moderately wounded.
Sigmund hits you with a +7 scythe of protection.
* * * LOW HITPOINT WARNING * * *
You sock Sigmund!
Sigmund is heavily wounded.
Sigmund closely misses you.
You hit Sigmund.
You tail-slap Sigmund, but do no damage.
Sigmund is heavily wounded.
Sigmund hits you with a +7 scythe of protection.
You die...

#...# #...# #...# #...####
...... #JJ. #####@####.##
#...@.......#
#########.#.#.###.#######
.........................
..#######.#.###.#.#######
#..######.#<...........<#
^.........#########..####
.....รท..................#
####.##############.[...#
..................[.._..#


You could see Sigmund and 2 endoplasms.

Vanquished Creatures
  Jessica (D:2)
  An adder (D:2)
  A ball python (D:1)
  3 bats
  3 endoplasms (D:1)
  A goblin (D:1)
  4 hobgoblins
  A quokka (D:1)
  A frilled lizard (D:1)
  2 kobolds (D:1)
  A rat (D:1)
19 creatures vanquished.

Notes
Turn   | Place    | Note
-------+----------+-------------------------------------------
     0 | D:1      | CowFu the Draconian Monk began the quest for the Orb.
     0 | D:1      | Reached XP level 1. HP: 19/19 MP: 1/1
    91 | D:1      | Found a faded altar of an unknown god.
   197 | D:1      | Reached XP level 2. HP: 26/26 MP: 2/2
   743 | D:2      | Reached skill level 4 in Maces & Flails
   827 | D:2      | Noticed Jessica
   832 | D:2      | Killed Jessica
   833 | D:2      | Reached XP level 3. HP: 27/31 MP: 3/3
  1024 | D:2      | Found a sacrificial altar of Ru.
  1034 | D:2      | Noticed Sigmund
  1056 | D:2      | HP: 1/31 [Sigmund/+7 scythe of protection (3)]
  1058 | D:2      | Slain by Sigmund

Illustrated notes

Levels and vault maps discovered:
D:1:      elethiomel_arrival_quiet, layout_basic, ebering_ecumenical_altar_webs,
          st_stairs_3, minmay_door_square
D:2:      layout_basic, basic_altar, uniq_jessica, uniq_sigmund

Skill      XL: |  1  2 |
---------------+-------+-----
Maces & Flails | 4 |  4.5
Fighting       | |  3.3
Dodging        | |  2.7
Stealth        | |  1.9

Action                     || total
---------------------------++-------
  Melee: Mace              ||    54
         Tailslap          ||     6
    Use: Potion            ||     1
 Armour: Skin              ||    16
  Dodge: Dodged            ||    41

Table legend: (Time is in decaauts)
 A = Elapsed time spent in this place.
 B = Non-inter-level travel time spent in this place.
 C = Inter-level travel time spent in this place.
 D = Time resting spent in this place.
 E = Time spent auto-exploring this place.
 F = Levels seen in this place.
 G = Mean time per level.
                   A        B        C        D        E       F      G
               +--------+--------+--------+--------+--------+-----+--------+
         Total |   1069 |   1003 |     66 |      0 |    833 |   2 |  534.5 |
       Dungeon |   1069 |   1003 |     66 |      0 |    833 |   2 |  534.5 |
               +--------+--------+--------+--------+--------+-----+--------+

Top non-repeatable levels by time:
     D:1: 723 daAuts
     D:2: 346 daAuts
